 Dungeon Crawl Stone Soup version 0.29.1-1-gd02db6906a (webtiles) character file.

Game seed: 3447425943646500372

30 xian the Trooper (level 3, -9/29 HPs)
             Began as a Demonspawn Abyssal Knight on Oct 8, 2022.
             Was a Priest of Lugonu.
             Killed by divine providence
             ... invoked by an orc priest
              (15 damage)
             ... on level 2 of the Dungeon.
             The game lasted 00:03:09 (995 turns).

xian the Trooper (Demonspawn Abyssal Knight)         Turns: 995, Time: 00:03:14

Health: -9/29      AC:  5    Str: 15    XL:     3   Next: 5%
Magic:  4/4        EV: 11    Int: 11    God:    Lugonu [***...]
Gold:   38         SH:  0    Dex: 13    Spells: 2/2 levels left

rFire   . . .      SeeInvis .   a - +1 hand axe
rCold   . . .      Faith    .   (no shield)
rNeg    . . .      Spirit   .   b - +0 leather armour
rPois   .          Reflect  .   (no helmet)
rElec   .          Harm     .   (no cloak)
rCorr   .          Rampage  .   (no gloves)
Will    +....                   (no boots)
Stlth   +.........              (no amulet)
HPRegen 0.09/turn               d - ring of wizardry
MPRegen 0.09/turn               h - ring of willpower

@: no status effects
A: thin metallic scales 1
a: Renounce Religion, Depart the Abyss, Bend Space, Banish


You were on level 2 of the Dungeon.
You worshipped Lugonu.
Lugonu was most pleased with you.
You visited 1 branch of the dungeon, and saw 2 of its levels.
You visited the Abyss 1 time.

You collected 38 gold pieces.

Inventory:

Hand Weapons
 a - a +1 hand axe (weapon)
Missiles
 e - 20 stones
Armour
 b - a +0 leather armour (worn)
Jewellery
 d - a ring of wizardry (left hand)
 h - a ring of willpower (right hand)
Scrolls
 c - a scroll of blinking {unknown}
 f - 2 scrolls of identify {unknown}
Potions
 g - a potion of might {unknown}
 i - a potion of cancellation {unknown}
 j - a potion of curing {unknown}


   Skills:
 + Level 3.6 Fighting
 + Level 2.4 Axes
 + Level 1.8 Armour
 + Level 1.0 Dodging
 + Level 0.1 Stealth
 * Level 2.5 Invocations


You had 2 spell levels left.
You didn't know any spells.
Your spell library contained the following spells:

 Spells                   Type           Power      Damage    Failure   Level
 Sublimation of Blood     Necr           0%         N/A       26%         2
 Petrify                  Tmut/Erth      0%         N/A       83%         4
 Irradiate                Conj/Tmut      0%         3d11      99%         5


Dungeon Overview and Level Annotations

Branches:
Dungeon (2/15)

Altars:


Innate Abilities, Weirdness & Mutations

You are partially covered in thin metallic scales. (AC +2)


Message History

The orc priest invokes the aid of Beogh against you.
Pain shoots through your body!
An orc comes into view. It is wielding a +0 club.
You hit the orc priest but do no damage.
The orc priest hits you with a +0 mace.
You hit the orc priest.
The orc priest is moderately wounded.
The orc priest hits you with a +0 mace.
You barely miss the orc. The orc misses you.
You hit the orc.
The orc is severely wounded.
The orc barely misses you.
You barely miss the orc.
The orc is severely wounded.
The orc hits you with a +0 club.
You barely miss the orc.
The orc is severely wounded.
The orc hits you with a +0 club.
You barely miss the orc. Your punch misses the orc.
The orc is severely wounded.
The orc misses you.
You closely miss the orc.
The orc is severely wounded.
An orc priest comes into view. It is wielding a +0 whip.
The orc hits you but does no damage. The orc hits you with a +0 club.
The orc priest casts a cantrip, but nothing happens.
The orc priest shouts!
You barely miss the orc.
The orc is severely wounded.
The orc priest calls upon Beogh to heal the orc priest.
The orc priest's wounds heal themselves!
The orc hits you with a +0 club.
* * * LOW HITPOINT WARNING * * *
You hit the orc.
You kill the orc!
Lugonu accepts your kill.
The orc priest mumbles some strange prayers to Beogh against you.
Beogh smites you!
Ouch! That really hurt!
You die...

#..# ##.##.##.#
#..# #..##.##.#
#..###.###.##.#
#..##...##.##.#
#.....#.......#
##.##...##.####
#..##.###.#
##.##.# #.#
#@##.# #.#
#)##)# #.#
#o##.# #..
.o##.# ###
####.# #.# #.##
#..# ##.#


You could see 2 orc priests.

Vanquished Creatures
  A dart slug (D:1)
  An orc (D:2)
  6 endoplasms
  2 goblins (D:1)
  2 hobgoblins (D:1)
  2 jackals (D:1)
  7 kobolds
  A quokka (D:1)
  A ball python (D:1)
  2 frilled lizards (D:1)
25 creatures vanquished.

Notes
Turn   | Place    | Note
-------+----------+-------------------------------------------
     0 | Abyss:1  | xian the Demonspawn Abyssal Knight began the quest for the
                  | Orb.
     0 | Abyss:1  | Reached XP level 1. HP: 18/18 MP: 2/2
     1 | D:1      | Escaped the Abyss
   262 | D:1      | Found a faded altar of an unknown god.
   283 | D:1      | Gained mutation: You are partially covered in thin metallic
                  | scales. (AC +2) [demonic ancestry]
   283 | D:1      | Reached XP level 2. HP: 17/24 MP: 3/3
   295 | D:1      | Reached skill level 1 in Dodging
   898 | D:2      | Reached XP level 3. HP: 29/29 MP: 4/4
   927 | D:2      | Reached *** piety under Lugonu
   995 | D:2      | Killed from afar by an orc priest

Illustrated notes

Levels and vault maps discovered:
D:1:      minmay_arrival_five_plusses, layout_rooms,
          ebering_ecumenical_altar_box
D:2:      layout_loops_ring, basic_altar, minmay_misc_feat_nine_boxes,
          dreamdust_princess_corridor, uniq_terence

Skill      XL: |  1  2 |
---------------+-------+-----
Axes           | 2 |  2.4
Dodging        | 1 |  1.0
Fighting       | |  3.6
Armour         | |  1.8
Stealth        | |  0.1
Invocations    | |  2.5

Action                   || total
-------------------------++-------
Melee: Hand axe          ||    70
Armor: Leather armour    ||    27
Dodge: Dodged            ||    38
